Map: Impero eterno LE

Players

Dyne

  • Race: Zerg Zerg
  • League: Platinum
  • Spawn Location: 1:00

Camper - Winner!

  • Race: Protoss Protoss
  • League: Platinum
  • Spawn Location: 7:00

VOD

Have the link to the VOD?

Description

Time

  • Played on: June 28, 2020, 12:31 p.m.
  • Length: 14:51
Show
View Real Time Build Order
Export as new Build Order

Dyne Zerg 

Build Orders: Hatch First, Roach Hydra 

Get SALT Encoding   

  12  0:01  Drone  
  13  0:13  Overlord  
  13  0:17  Drone  
  14  0:32  Drone x2  
  16  0:36  Drone  
  17  0:54  Hatchery  
  16  0:58  Drone  
  16  1:01  Drone  
  18  1:12  Extractor  
  18  1:16  Spawning Pool  
  16  1:18  Drone  
  16  1:23  Drone  
  18  1:31  Drone  
  19  1:55  Drone  
  20  2:07  Queen x2  
  24  2:09  Zergling x6  
  24  2:12  Zergling x2  
  28  2:17  Overlord  
  28  2:30  Metabolic Boost  
  28  2:36  Drone x3  
  31  2:43  Queen x2  
  35  2:54  Drone  
  35  2:57  Spore Crawler  
  35  3:00  Overlord, Drone  
  35  3:31  Drone x7  
  35  3:32  Drone  
  43  3:38  Roach Warren  
  43  3:39  Drone, Evolution Chamber  
  43  3:40  Drone  
  43  3:42  Overlord  
  43  4:03  Extractor  
  43  4:04  Extractor  
  43  4:05  Drone x2, Extractor  
  43  4:07  Drone x3  
  43  4:08  Drone  
  46  4:10  Drone x3  
  46  4:13  Zerg Missile Weapons Level 1  
  46  4:17  Lair  
  49  4:22  Pneumatized Carapace  
  49  4:23  Roach  
  51  4:32  Overlord  
  51  4:33  Overlord  
  51  4:36  Overlord  
  51  4:52  Roach x6  
  63  4:58  Overlord  
  63  4:59  Overlord  
  63  5:00  Overlord  
  63  5:03  Drone x3  
  63  5:05  Drone  
  67  5:11  Drone  
  68  5:22  Glial Reconstitution  
  68  5:31  Roach  
  68  5:32  Roach x4  
  78  5:48  Extractor  
  78  5:49  Hatchery  
  76  5:50  Roach  
  76  5:51  Roach x5  
  76  5:52  Extractor  
  87  6:00  Drone x2  
  89  6:07  Overlord  
  89  6:08  Overlord  
  89  6:14  Spore Crawler  
  88  6:18  Queen  
  90  6:30  Drone  
  90  6:31  Drone x3  
  94  6:41  Hydralisk Den  
  94  6:42  Infestation Pit  
  94  6:46  Evolution Chamber  
  94  6:47  Drone x3, Evolution Chamber  
  90  6:48  Drone  
  90  6:52  Drone x4  
  98  6:54  Drone  
  99  7:15  Grooved Spines  
  99  7:18  Hydralisk  
  99  7:19  Hydralisk x5  
  111  7:28  Drone  
  111  7:29  Drone x7  
  119  7:54  Overlord  
  119  7:55  Overlord  
  119  7:56  Overlord  
  119  7:57  Overlord x2  
  119  8:07  Overlord  
  119  8:11  Hydralisk  
  119  8:12  Hydralisk x4  
  129  8:13  Hydralisk x4  
  137  8:26  Muscular Augments  
  137  8:30  Zerg Missile Weapons Level 2  
  137  8:31  Zerg Melee Weapons Level 1, Zerg Ground Armor Level 1  
  137  8:36  Hydralisk x5  
  137  8:37  Hydralisk x2  
  151  8:54  Ravager x4  
  155  8:58  Drone x3  
  155  9:01  Drone  
  160  9:02  Drone  
  160  9:03  Drone x3  
  160  9:09  Hydralisk x3  
  165  9:14  Overlord x2  
  165  9:15  Overlord  
  165  9:16  Overlord x2  
  169  9:17  Overlord  
  157  9:49  Hydralisk x6  
  157  9:50  Hydralisk x8  
  183  10:06  Queen  
  185  10:24  Extractor  
  185  10:26  Hatchery  
  183  10:30  Extractor  
  123  10:52  Hydralisk x11  
  123  10:53  Hydralisk x7  
  160  11:25  Drone x3  
  160  11:27  Drone x2  
  160  11:28  Drone  
  160  11:29  Drone x3  
  146  11:57  Hydralisk x14  
  146  11:58  Hydralisk  
  176  12:21  Spire x2  
  176  12:22  Hive  
  160  12:45  Hydralisk x6  
  160  12:46  Roach x9, Hydralisk x4  
  143  13:14  Hydralisk x4  
  143  13:15  Roach x6, Hydralisk x2  
  141  13:32  Roach, Hydralisk x2  
  141  13:33  Roach  
  133  13:39  Mutalisk  
  133  13:40  Mutalisk x3  
  100  13:49  Mutalisk x3  
  86  14:04  Roach x8  
Show
View Real Time Build Order
Export as new Build Order

Camper Protoss - Winner!

Build Orders: Archon Immortal, Blink Stalkers 

Get SALT Encoding   

  12  0:01  Probe  
  13  0:13  Probe  
  14  0:20  Pylon  
  14  0:25  Probe  
  15  0:36  Assimilator  
  15  0:38  Probe  
  16  0:44  Gateway  
  16  0:47  Probe  
  16  0:55  Probe  
  18  1:06  Gateway  
  18  1:08  Probe  
  19  1:19  Assimilator  
  19  1:20  Probe  
  20  1:27  Pylon  
  20  1:34  Cybernetics Core  
  20  1:38  Probe  
  21  1:50  Probe  
  22  2:02  Probe  
  23  2:11  Stalker x2  
  27  2:19  Twilight Council  
  27  2:28  Warp Gate  
  27  2:45  Nexus  
  27  2:51  Pylon  
  27  2:54  Blink  
  27  2:55  Probe  
  28  3:10  Probe  
  29  3:22  Probe  
  29  3:27  Gateway  
  30  3:34  Pylon  
  30  3:35  Probe  
  31  3:43  Gateway  
  31  3:47  Probe  
  32  3:49  Stalker  
  34  3:56  Stalker  
  37  4:02  Probe  
  37  4:03  Probe  
  38  4:15  Probe x2  
  40  4:27  Probe x2, Assimilator  
  42  4:32  Pylon  
  42  4:36  Robotics Facility  
  42  4:39  Probe x2  
  44  4:46  Pylon  
  44  4:50  Probe  
  44  4:51  Probe  
  46  4:58  Probe  
  46  5:03  Probe  
  46  5:06  Probe  
  48  5:08  Assimilator  
  49  5:15  Probe  
  49  5:19  Nexus  
  50  5:22  Pylon, Probe  
  51  5:29  Observer, Shield Battery  
  51  5:31  Shield Battery  
  51  5:32  Probe  
  53  5:39  Probe  
  53  5:41  Immortal  
  54  5:49  Pylon  
  54  5:51  Stalker, Shield Battery  
  54  5:56  Stalker  
  62  6:00  Probe x2  
  62  6:02  Sentry  
  62  6:03  Sentry  
  66  6:13  Probe x2  
  68  6:18  Gateway  
  68  6:21  Probe  
  68  6:22  Gateway, Probe  
  68  6:24  Forge  
  70  6:30  Observer, Probe  
  72  6:40  Pylon  
  72  6:42  Pylon  
  72  6:46  Probe  
  73  6:47  Probe x2, Templar Archives  
  73  6:50  Immortal, Assimilator  
  79  7:03  Protoss Ground Weapons Level 1, Zealot  
  79  7:06  Probe x3  
  79  7:07  Zealot x3  
  79  7:08  Charge  
  90  7:16  Zealot  
  92  7:23  Gateway  
  92  7:26  High Templar x2  
  92  7:28  High Templar  
  92  7:29  High Templar x2, Psionic Storm  
  102  7:30  Probe  
  102  7:31  Probe  
  102  7:36  Archon x2  
  102  7:45  Pylon  
  102  7:49  Stalker  
  105  7:58  Probe x3  
  105  8:00  Assimilator  
  105  8:05  Zealot x5  
  113  8:10  Nexus  
  113  8:12  Pylon  
  117  8:14  Probe x3  
  117  8:17  High Templar  
  122  8:22  Pylon  
  122  8:23  Gateway  
  122  8:24  Gateway  
  122  8:26  Probe x3  
  123  8:35  Shield Battery  
  123  8:37  Immortal  
  123  8:38  Shield Battery  
  123  8:41  Pylon  
  127  8:52  Protoss Ground Weapons Level 2  
  127  8:55  Zealot x5  
  127  8:59  High Templar x2  
  135  9:04  Pylon  
  135  9:05  Probe x3  
  135  9:07  Immortal  
  135  9:08  Pylon  
  142  9:17  Probe x3  
  142  9:18  Gateway  
  142  9:23  Probe  
  146  9:29  Probe x2  
  148  9:34  High Templar x3  
  152  9:41  Immortal, Archon  
  146  9:47  Zealot  
  146  9:48  Zealot x5  
  146  9:52  Probe x4  
  164  9:54  Assimilator  
  164  10:11  Immortal  
  164  10:12  Assimilator  
  164  10:15  Stalker x3  
  164  10:16  Stalker x2  
  178  10:28  High Templar x2  
  178  10:29  High Templar  
  184  10:39  Immortal  
  164  10:49  Stalker x2  
  162  10:53  Stalker x4  
  174  11:00  Forge  
  172  11:09  Shield Battery  
  172  11:11  Shield Battery  
  172  11:13  Zealot x2  
  172  11:14  Zealot x4  
  184  11:21  Pylon  
  184  11:24  Pylon  
  184  11:29  Forge  
  184  11:30  Gateway  
  178  11:34  Gateway  
  178  11:36  Immortal  
  158  12:02  Zealot  
  158  12:03  Zealot x9  
  176  12:15  Immortal  
  176  12:30  Nexus  
  176  12:33  Pylon  
  158  12:45  Zealot  
  158  12:46  Zealot x11  
  182  12:54  Warp Prism  
  176  13:12  Zealot x12  
  180  13:30  Immortal  
  182  13:36  Zealot  
  182  13:37  Zealot x11  
  172  14:19  Stalker x6  
  172  14:20  Stalker x3  
  188  14:26  Archon  
  182  14:35  Stalker  
  182  14:36  Stalker x2  
  185  14:45  Stalker x2  
  185  14:46  Stalker x5  
Tags
 
Add a new tag
Caveats
  • Supply blocks, unpowered buildings, or Contaminate may cause inaccurate times.
  • Supply counts are checked every 10 seconds.